Map: Invasor LE

Players

lupogrigio

  • Race: Terran Terran

Nebrot - Winner!

  • Race: Zerg Zerg
  • League: Bronze

VOD

Have the link to the VOD?

Description

Time

  • Played on: May 29, 2016, 8:31 a.m.
  • Length: 7:48
Show
View Real Time Build Order
Export as new Build Order

lupogrigio Terran 

Build Orders:  

Get SALT Encoding   

  12  0:24  SCV  
  12  0:25  Supply Depot  
  13  0:36  Supply Depot, SCV  
  14  1:02  SCV  
  15  1:09  Barracks  
  15  1:23  Engineering Bay  
  15  1:32  Barracks  
  15  1:36  Refinery  
  15  1:37  SCV  
  16  1:58  Marine  
  17  2:16  Marine  
  18  2:34  Marine  
  19  2:41  Bunker  
  19  2:52  Marine  
  20  3:02  Marine  
  21  3:09  Marine  
  22  3:20  Marine  
  22  3:21  Supply Depot  
  23  3:27  Marine  
  23  3:28  Supply Depot  
  24  3:38  Marine  
  25  3:45  Marine  
  26  3:55  Bunker  
  25  4:36  Barracks Reactor  
  25  4:43  Barracks  
  25  4:53  Orbital Command, Barracks  
  21  5:32  Factory  
  21  5:33  Barracks Reactor  
  21  5:36  Marine  
  21  5:37  Marine x2  
  24  5:44  Barracks Tech Lab  
  24  5:54  Marine x2  
  24  5:55  Marine  
  24  5:56  Barracks  
  27  6:12  Marine x2  
  27  6:13  Refinery  
  27  6:14  Marauder  
  27  6:17  Marine  
  32  6:36  Marauder  
  32  6:38  Starport  
  34  7:01  Marine x6  
  23  7:24  Marine  
Show
View Real Time Build Order
Export as new Build Order

Nebrot Zerg - Winner!

Build Orders: 3 Hatch before Pool 

Get SALT Encoding   

  12  0:03  Drone  
  13  0:16  Overlord  
  13  0:33  Drone  
  14  0:44  Hatchery  
  14  0:49  Drone  
  14  1:04  Drone x2  
  14  1:05  Drone  
  17  1:28  Hatchery  
  16  1:37  Spawning Pool  
  15  1:40  Drone  
  16  2:04  Drone x4  
  20  2:11  Drone  
  21  2:31  Queen  
  21  2:33  Queen  
  25  2:41  Queen  
  27  2:48  Spine Crawler, Drone  
  27  2:49  Drone x2  
  29  3:07  Queen  
  29  3:09  Drone x3  
  34  3:15  Overlord x2  
  34  3:31  Overlord  
  34  3:32  Overlord  
  34  3:37  Zergling x14  
  41  3:56  Overlord  
  41  3:57  Overlord  
  41  3:58  Zergling x14  
  41  3:59  Drone x2  
  41  4:00  Drone  
  51  4:25  Overlord x2  
  51  4:30  Drone x3  
  54  4:32  Zergling x10  
  54  4:33  Zergling x10  
  62  5:08  Overlord x2  
  62  5:11  Zergling x10  
  62  5:12  Zergling x12  
  62  5:13  Zergling x4  
  75  5:26  Spine Crawler  
  74  5:29  Spine Crawler  
  74  5:30  Spine Crawler, Drone x2  
  74  5:31  Drone x2  
  76  5:49  Overlord x2  
  76  5:51  Zergling x20  
  76  5:56  Zergling x2  
  87  6:28  Zergling x8  
  87  6:29  Zergling x22  
  102  6:45  Hatchery, Queen  
  94  6:56  Zergling x2  
  94  6:57  Zergling x30  
  88  7:25  Overlord  
  88  7:26  Overlord  
  88  7:27  Zergling x20  
  88  7:28  Zergling x6  
Tags
 
Add a new tag
Caveats
  • Supply blocks, unpowered buildings, or Contaminate may cause inaccurate times.
  • Supply counts are checked every 10 seconds.